WCHLSIM.com - West Coast Hockey League
html PUBLIC "-//W3C//DTD XHTML 1.0 Transitional//EN" "http://www.w3.org/TR/xhtml1/DTD/xhtml1-transitional.dtd"> WCHL - Game 291 - COLORADO GLACIERCATS vs VICTORIA GLADIATORS

COLORADO GLACIERCATS vs VICTORIA GLADIATORS

Created - 26 novembre 2021 at 22:13

Goals
1 2 3 OT1 SO T
COLORADO GLACIERCATS 1 1 0 0 1 3
VICTORIA GLADIATORS 1 0 1 0 0 2
Shots
1 2 3 OT1 SO T
COLORADO GLACIERCATS 8 7 7 1 3 23
VICTORIA GLADIATORS 12 6 20 1 3 39

1st period

1. COLORADO GLACIERCATS , Joonas Donskoi 4 (Ryan Ellis 6, Kaapo Kahkonen) at 12:49 (PP)
2. VICTORIA GLADIATORS , Conor Garland 5 (Anze Kopitar 14, Nils Hoglander 6) at 16:25 (PP)

Penalties :
Tyson Jost (COL) for Hooking (Minor) at 2:21, Nils Hoglander (VIC) for Hooking (Minor) at 11:02, Ilya Lyubushkin (COL) for Holding (Minor) at 15:17

2nd period

3. COLORADO GLACIERCATS , Tyson Jost 4 (Dustin Brown 4, Alex Iafallo 6) at 1:12

Penalties :
Torey Krug (COL) for Hooking (Minor) at 2:14, Victor Mete (VIC) for Hooking (Minor) at 4:31

3rd period

4. VICTORIA GLADIATORS , Conor Garland 6 (Anze Kopitar 15, Anton Khudobin) at 3:20 (PP)

Penalties :
Brayden Schenn (COL) for Hooking (Minor) at 1:58

Overtime #1

No Goal

Penalties :
No Penalty

Shootout

COLORADO GLACIERCATS, Leon Draisaitl - Shot Misses the Net
VICTORIA GLADIATORS, Patrick Kane - Stopped by Kaapo Kahkonen
COLORADO GLACIERCATS, Sam Reinhart - Stopped by Anton Khudobin
VICTORIA GLADIATORS, Anze Kopitar - Stopped by Kaapo Kahkonen
COLORADO GLACIERCATS, Tomas Hertl - Goal!
VICTORIA GLADIATORS, Patrice Bergeron - Stopped by Kaapo Kahkonen

Penalties :
No Penalty

Goalie Stats

Kaapo Kahkonen (COL), 37 saves from 39 shots - (0,949), W, 10-6-1, 65:00 minutes
Anton Khudobin (VIC), 21 saves from 23 shots - (0,913), OTL, 11-3-3, 65:00 minutes

Players Stats for COLORADO GLACIERCATS

Player Name              G  A  P  +/- PIM S  H  SB GA TA FO     MP     PP MP  PK MP  
------------------------------------------------------------------------------------
Alex Iafallo             0  1  1   1  0   0  1  0  0  0  0/0    14:52   1:38   0:00 
Brayden Schenn           0  0  0   0  2   3  1  0  0  0  6/8    19:12   1:38   0:00 
Cameron Hughes           0  0  0   0  0   0  1  0  0  0  1/1     5:16   0:00   1:01 
Dustin Brown             0  1  1   1  0   4  1  0  0  0  1/1    13:14   0:00   0:00 
Ilya Lyubushkin          0  0  0   1  2   0  5  1  0  0  0/0    19:02   0:00   2:36 
Joonas Donskoi           1  0  1   0  0   4  1  0  0  0  0/1    19:57   1:38   3:09 
Leon Draisaitl           0  0  0   0  0   5  1  3  0  0  0/2    21:50   2:08   0:00 
Luke Glendening          0  0  0   0  0   0  0  0  0  0  3/6     7:24   0:00   3:09 
Luke Schenn              0  0  0   0  0   0  3  2  0  0  0/0    16:02   0:00   0:54 
Ryan Ellis               0  1  1   0  0   1  1  3  0  0  0/0    26:03   1:53   3:34 
Ryan Getzlaf             0  0  0   0  0   0  0  0  0  0  11/25  20:22   1:53   3:19 
Sam Reinhart             0  0  0   0  0   1  0  0  0  0  0/0    21:40   2:08   0:00 
Tage Thompson            0  0  0   0  0   1  0  0  0  0  0/0     4:15   0:00   0:00 
Tarmo Reunanen           0  0  0   0  0   0  0  0  0  0  0/0    15:26   0:00   0:18 
Tomas Hertl              0  0  0   0  0   2  0  1  0  0  12/35  21:58   2:08   0:00 
Torey Krug               0  0  0   1  2   0  2  1  0  0  0/0    23:27   1:53   2:00 
Tyson Jost               1  0  1   1  2   2  1  1  0  0  6/19   15:31   0:00   2:18 
Vladislav Gavrikov       0  0  0   0  0   0  2  1  0  0  0/0    22:57   1:53   3:34 

Players Stats for VICTORIA GLADIATORS

Player Name              G  A  P  +/- PIM S  H  SB GA TA FO     MP     PP MP  PK MP  
------------------------------------------------------------------------------------
Alex Newhook             0  0  0   0  0   1  0  0  0  0  2/6     4:56   0:00   0:00 
Anton Stralman           0  0  0   0  0   0  0  1  0  0  0/0    26:05   2:37   2:24 
Anze Kopitar             0  2  2   0  0   5  1  1  0  0  15/26  21:28   2:32   0:00 
Brady Skjei              0  0  0  -1  0   0  0  2  0  0  0/0     7:17   0:00   0:32 
Conor Garland            2  0  2   0  0   5  3  0  0  0  0/3    18:26   2:32   0:00 
Derek Grant              0  0  0   0  0   2  1  0  0  0  0/0     6:02   0:00   1:06 
Drew Doughty             0  0  0  -1  0   3  1  3  0  0  0/0    26:58   3:51   0:00 
James van Riemsdyk       0  0  0  -1  0   3  1  1  0  0  1/2    21:54   3:56   0:00 
Jamie Drysdale           0  0  0   0  0   1  1  0  0  0  0/0    19:32   0:00   1:54 
Jared McCann             0  0  0   0  0   3  0  1  0  0  1/1    14:00   0:00   2:40 
Jordan Staal             0  0  0   0  0   5  1  0  0  0  12/20  15:36   0:00   2:40 
Justin Holl              0  0  0   0  0   0  2  0  0  0  0/0    24:26   2:37   1:55 
Kyle Connor              0  0  0   0  0   3  0  0  0  0  1/2    20:07   3:51   0:00 
Nils Hoglander           0  1  1   0  2   1  0  0  0  0  1/2    14:23   2:32   0:32 
Patrice Bergeron         0  0  0  -1  0   4  0  0  0  0  24/35  25:01   3:56   0:00 
Patrick Kane             0  0  0  -1  0   3  0  0  0  0  1/1    23:08   3:56   0:00 
Ryan Carpenter           0  0  0   0  0   0  0  0  0  0  0/0     5:30   0:00   0:34 
Victor Mete              0  0  0   0  2   0  0  0  0  0  0/0    16:23   0:00   0:47 

3 Stars

1 - Conor Garland (VIC)
2 - Kaapo Kahkonen (COL)
3 - Joonas Donskoi (COL)

Power Play

COLORADO GLACIERCATS - 1 on 2 Attempt(s) - 50,00%
VICTORIA GLADIATORS - 2 on 4 Attempt(s) - 50,00%

Penalty Kill

COLORADO GLACIERCATS - 2 on 4 Attempt(s) - 50,00% - Score 0 goal in Penalty Kill
VICTORIA GLADIATORS - 1 on 2 Attempt(s) - 50,00% - Score 0 goal in Penalty Kill

Team Stat

COLORADO GLACIERCATS - Hits : 20 - Faceoff Wins : 40 - Blocked Shots : 13 - Penalty Minutes : 8
VICTORIA GLADIATORS - Hits : 11 - Faceoff Wins : 58 - Blocked Shots : 9 - Penalty Minutes : 4

Official

Referees : Justin St. Pierre and Dan Kelly
Linesman : Devin Berg and Steve Barton

Game Notes

Brady Skjei is injured at 6:48 of 2nd period (Upper Body)
Torey Krug is injured at 2:24 of 1st overtime period (Sprained Left Finger)

Finance

Level 1 -- Attendance: 6231 (98,90%) -- Ticket Income 841 185 $
Level 2 -- Attendance: 4623 (87,23%) -- Ticket Income 462 300 $
Level 3 -- Attendance: 1865 (84,77%) -- Ticket Income 167 850 $
Level 4 -- Attendance: 4200 (100,00%) -- Ticket Income 210 000 $
Luxury Box -- Attendance: 826 (82,60%) -- Ticket Income 247 800 $
Game was played at the Verizon Center.
Total Attendance: 17745 (93,39%)
Total Ticket Income: 1 929 135 $
Other Expense: 19 291 $
Total Income: 1 909 844 $

COLORADO GLACIERCATS

5 vs 5 Forward 
   Center                   Left Wing                Right Wing               Time % Phy DF OF 
 1 Tomas Hertl              Leon Draisaitl           Sam Reinhart             35     0   1  4  
 2 Ryan Getzlaf             Joonas Donskoi           Brayden Schenn           33     0   2  3  
 3 Tyson Jost               Alex Iafallo             Dustin Brown             27     1   2  2  
 4 Luke Glendening          Cameron Hughes           Tage Thompson            5      1   2  2  

5 vs 5 Defense 
   Defense                  Defense                                           Time % Phy DF OF 
 1 Vladislav Gavrikov       Ryan Ellis                                        35     0   2  3  
 2 Torey Krug               Ilya Lyubushkin                                   35     0   3  2  
 3 Luke Schenn              Tarmo Reunanen                                    20     0   4  1  
 4 Torey Krug               Ryan Ellis                                        10     0   1  4  

PowerPlay Forward 
   Center                   Left Wing                Right Wing               Time % Phy DF OF 
 1 Tomas Hertl              Leon Draisaitl           Sam Reinhart             50     0   0  5  
 2 Brayden Schenn           Alex Iafallo             Joonas Donskoi           50     1   1  3  

PowerPlay Defense
   Defense                  Defense                                           Time % Phy DF OF 
 1 Torey Krug               Ryan Ellis                                        60     0   1  4  
 2 Ryan Getzlaf             Vladislav Gavrikov                                40     0   2  3  

Penalty Kill 4 Players Forward 
   Center                   Wing                     Time % Phy DF OF 
 1 Luke Glendening          Joonas Donskoi           50     0   4  1  
 2 Ryan Getzlaf             Tyson Jost               50     0   4  1  

Penalty Kill 4 Players Defense
   Defense                  Defense                  Time % Phy DF OF 
 1 Ryan Ellis               Vladislav Gavrikov       50     1   4  0  
 2 Ilya Lyubushkin          Torey Krug               50     1   4  0  

Penalty Kill - 3 Players Forward 
   Forward                                           Time % Phy DF OF 
 1 Tomas Hertl                                       50     0   5  0  
 2 Tyson Jost                                        50     0   5  0  

Penalty Kill - 3 Players Defense
   Defense                  Defense                  Time % Phy DF OF 
 1 Ryan Ellis               Vladislav Gavrikov       50     0   5  0  
 2 Ilya Lyubushkin          Torey Krug               50     0   5  0  

4 vs 4 Forward 
   Center                   Wing                     Time % Phy DF OF 
 1 Tomas Hertl              Leon Draisaitl           50     0   1  4  
 2 Brayden Schenn           Joonas Donskoi           50     0   1  4  

4 vs 4 Defense
   Defense                  Defense                  Time % Phy DF OF 
 1 Luke Schenn              Torey Krug               45     0   3  2  
 2 Ryan Ellis               Vladislav Gavrikov       55     0   3  2  

Last Minutes Offensive
   Center                   Left Wing                Right Wing               Defense                  Defense                  
   Tomas Hertl              Leon Draisaitl           Sam Reinhart             Ryan Ellis               Torey Krug               

Last Minutes Defensive
   Center                   Left Wing                Right Wing               Defense                  Defense                  
   Tomas Hertl              Tyson Jost               Leon Draisaitl           Torey Krug               Ryan Ellis               

Goaltenders
Starting : Kaapo Kahkonen           
Backup : Troy Grosenick           

Extra Forwards
Normal : Tomas Hertl, Sam Reinhart, Brayden Schenn - PP : Dustin Brown, Tyson Jost - PK : Cameron Hughes
Extra Defensemen
Normal : Luke Schenn, Ilya Lyubushkin, Vladislav Gavrikov - PP : Vladislav Gavrikov - PK : Luke Schenn, Tarmo Reunanen
Penalty Shots
Leon Draisaitl, Sam Reinhart, Tomas Hertl, Brayden Schenn, Joonas Donskoi
Custom OT Lines Forwards
Leon Draisaitl, Tomas Hertl, Sam Reinhart, Brayden Schenn, Tyson Jost, Joonas Donskoi, Alex Iafallo, Dustin Brown, Ryan Getzlaf, Luke Glendening
Custom OT Lines Defensemen
Ryan Ellis, Torey Krug, Vladislav Gavrikov, Ilya Lyubushkin, Luke Schenn

Scratches
Devon Toews (Strained Left Elbow Injury), Erik Brannstrom (Sore Left Knee Injury), Craig Anderson (Separated Right Shoulder Injury)

VICTORIA GLADIATORS

5 vs 5 Forward 
   Center                   Left Wing                Right Wing               Time % Phy DF OF 
 1 Patrice Bergeron         James van Riemsdyk       Patrick Kane             36     0   2  3  
 2 Anze Kopitar             Kyle Connor              Conor Garland            32     0   2  3  
 3 Jordan Staal             Jared McCann             Nils Hoglander           24     0   4  1  
 4 Alex Newhook             Derek Grant              Ryan Carpenter           8      0   4  1  

5 vs 5 Defense 
   Defense                  Defense                                           Time % Phy DF OF 
 1 Drew Doughty             Brady Skjei                                       40     0   3  2  
 2 Justin Holl              Anton Stralman                                    35     0   3  2  
 3 Victor Mete              Jamie Drysdale                                    25     0   4  1  
 4 Justin Holl              Anton Stralman                                    0      0   4  1  

PowerPlay Forward 
   Center                   Left Wing                Right Wing               Time % Phy DF OF 
 1 Patrice Bergeron         James van Riemsdyk       Patrick Kane             60     0   0  5  
 2 Anze Kopitar             Nils Hoglander           Conor Garland            40     0   0  5  

PowerPlay Defense
   Defense                  Defense                                           Time % Phy DF OF 
 1 Drew Doughty             Kyle Connor                                       60     0   1  4  
 2 Justin Holl              Anton Stralman                                    40     0   1  4  

Penalty Kill 4 Players Forward 
   Center                   Wing                     Time % Phy DF OF 
 1 Jordan Staal             Jared McCann             60     0   4  1  
 2 Derek Grant              Nils Hoglander           40     0   4  1  

Penalty Kill 4 Players Defense
   Defense                  Defense                  Time % Phy DF OF 
 1 Justin Holl              Anton Stralman           60     0   4  1  
 2 Jamie Drysdale           Victor Mete              40     0   4  1  

Penalty Kill - 3 Players Forward 
   Forward                                           Time % Phy DF OF 
 1 Jared McCann                                      55     0   5  0  
 2 Jordan Staal                                      45     0   5  0  

Penalty Kill - 3 Players Defense
   Defense                  Defense                  Time % Phy DF OF 
 1 Drew Doughty             Brady Skjei              55     0   5  0  
 2 Jamie Drysdale           Victor Mete              45     0   5  0  

4 vs 4 Forward 
   Center                   Wing                     Time % Phy DF OF 
 1 Anze Kopitar             Kyle Connor              55     0   2  3  
 2 Derek Grant              Conor Garland            45     0   2  3  

4 vs 4 Defense
   Defense                  Defense                  Time % Phy DF OF 
 1 Jamie Drysdale           Victor Mete              55     1   2  2  
 2 Drew Doughty             Brady Skjei              45     1   2  2  

Last Minutes Offensive
   Center                   Left Wing                Right Wing               Defense                  Defense                  
   Patrice Bergeron         James van Riemsdyk       Patrick Kane             Drew Doughty             Brady Skjei              

Last Minutes Defensive
   Center                   Left Wing                Right Wing               Defense                  Defense                  
   Anze Kopitar             Jared McCann             Nils Hoglander           Jamie Drysdale           Victor Mete              

Goaltenders
Starting : Anton Khudobin           
Backup : Petr Mrazek              

Extra Forwards
Normal : Anze Kopitar, Kyle Connor, James van Riemsdyk - PP : Jared McCann, Jordan Staal - PK : Ryan Carpenter
Extra Defensemen
Normal : Brady Skjei, Anton Stralman, Justin Holl - PP : Jamie Drysdale - PK : Anton Stralman, Justin Holl
Penalty Shots
Patrick Kane, Anze Kopitar, Patrice Bergeron, Kyle Connor, Conor Garland
Custom OT Lines Forwards
Patrice Bergeron, Anze Kopitar, Patrick Kane, Jordan Staal, James van Riemsdyk, Kyle Connor, Conor Garland, Jared McCann, Nils Hoglander, Derek Grant
Custom OT Lines Defensemen
Drew Doughty, Justin Holl, Brady Skjei, Anton Stralman, Victor Mete

Scratches
Colton Parayko (Right Leg Injury), Josh Leivo (Healthy)

% Time on Ice - COLORADO GLACIERCATS

Lines # - Real PCT - Wanted PCT - Time Play
Normal Forward
1 - 34% - 35% - 17:07
2 - 30% - 33% - 15:10
3 - 27% - 27% - 13:14
4 - 9% - 5% - 4:15
Normal Defense
1 - 32% - 35% - 16:08
2 - 33% - 35% - 16:27
3 - 30% - 20% - 15:08
4 - 4% - 10% - 2:03
PP Forward
1 - 57% - 50% - 2:08
2 - 43% - 50% - 1:38
PP Defense
1 - 50% - 60% - 1:53
2 - 50% - 40% - 1:53
PK Forward
1 - 49% - 50% - 3:09
2 - 51% - 50% - 3:19
PK Defense
1 - 55% - 50% - 3:34
2 - 45% - 50% - 2:54
PK3 Forward
1 - 0% - 50%
2 - 0% - 50%
PK3 Defense
1 - 0% - 50%
2 - 0% - 50%
44 Forward
1 - 0% - 50%
2 - 0% - 50%
44 Defense
1 - 0% - 45%
2 - 0% - 55%
Last Minute Offensive  - 0:00
Last Minute Defensive  - 0:00
Total
Forward - 60:00
Defense - 60:00

% Time on Ice - VICTORIA GLADIATORS

Lines # - Real PCT - Wanted PCT - Time Play
Normal Forward
1 - 35% - 36% - 17:36
2 - 32% - 32% - 15:54
3 - 23% - 24% - 11:20
4 - 10% - 8% - 4:56
Normal Defense
1 - 45% - 40% - 22:32
2 - 27% - 35% - 13:20
3 - 28% - 25% - 13:54
4 - 0% - 0% - 0:00
PP Forward
1 - 61% - 60% - 3:56
2 - 39% - 40% - 2:32
PP Defense
1 - 60% - 60% - 3:51
2 - 40% - 40% - 2:37
PK Forward
1 - 71% - 60% - 2:40
2 - 29% - 40% - 1:06
PK Defense
1 - 35% - 60% - 1:20
2 - 65% - 40% - 2:26
PK3 Forward
1 - 0% - 55%
2 - 0% - 45%
PK3 Defense
1 - 0% - 55%
2 - 0% - 45%
44 Forward
1 - 0% - 55%
2 - 0% - 45%
44 Defense
1 - 0% - 55%
2 - 0% - 45%
Last Minute Offensive  - 0:00
Last Minute Defensive  - 0:00
Total
Forward - 60:00
Defense - 60:00

Play-by-Play

1st period


0:01 of 1st period - Patrice Bergeron wins face-off versus Tomas Hertl in neutral zone.
0:10 of 1st period - Shot by Patrick Kane.
0:10 of 1st period - Shot Misses the Net.
0:17 of 1st period - Icing by Ryan Ellis.
0:18 of 1st period - Anze Kopitar wins face-off versus Tomas Hertl in COLORADO GLACIERCATS zone.
0:26 of 1st period - Icing by Leon Draisaitl.
0:27 of 1st period - Tomas Hertl wins face-off versus Jordan Staal in COLORADO GLACIERCATS zone.
1:24 of 1st period - Icing by Anton Stralman.
1:25 of 1st period - Ryan Getzlaf wins face-off versus Conor Garland in VICTORIA GLADIATORS zone.
2:03 of 1st period - Shot by Anze Kopitar.
2:03 of 1st period - Stopped by Kaapo Kahkonen without a rebound.
2:04 of 1st period - Patrice Bergeron wins face-off versus Tyson Jost in COLORADO GLACIERCATS zone.
2:04 of 1st period - Patrice Bergeron is hit by Luke Schenn.
2:14 of 1st period - Shot by Tyson Jost.
2:14 of 1st period - Stopped by Anton Khudobin without a rebound.
2:15 of 1st period - Patrice Bergeron wins face-off versus Tyson Jost in VICTORIA GLADIATORS zone.
2:21 of 1st period - Minor Penalty to Tyson Jost for Hooking.
2:22 of 1st period - Patrice Bergeron wins face-off versus Ryan Getzlaf in COLORADO GLACIERCATS zone.
2:42 of 1st period - James van Riemsdyk is hit by Torey Krug and loses puck.
3:05 of 1st period - Shot by Patrice Bergeron.
3:05 of 1st period - Shot Misses the Net.
3:07 of 1st period - Shot by Kyle Connor.
3:07 of 1st period - Shot Misses the Net.
3:09 of 1st period - Shot by Patrice Bergeron.
3:09 of 1st period - Shot Misses the Net.
3:11 of 1st period - Shot by Drew Doughty.
3:11 of 1st period - Stopped by Kaapo Kahkonen without a rebound.
3:12 of 1st period - Ryan Getzlaf wins face-off versus Anze Kopitar in COLORADO GLACIERCATS zone.
4:36 of 1st period - Shot by Derek Grant.
4:36 of 1st period - Shot Misses the Net.
4:53 of 1st period - Off-side.
4:54 of 1st period - Tomas Hertl wins face-off versus Patrice Bergeron in neutral zone.
5:59 of 1st period - Off-side.
6:00 of 1st period - Anze Kopitar wins face-off versus Tyson Jost in neutral zone.
6:17 of 1st period - Shot by Anze Kopitar.
6:17 of 1st period - Shot Blocked by Luke Schenn.
6:39 of 1st period - Shot by Conor Garland.
6:39 of 1st period - Stopped by Kaapo Kahkonen without a rebound.
6:40 of 1st period - Jordan Staal wins face-off versus Ryan Getzlaf in COLORADO GLACIERCATS zone.
6:40 of 1st period - Jared McCann is hit by Torey Krug.
6:58 of 1st period - Shot by Jared McCann.
6:58 of 1st period - Shot Misses the Net.
7:00 of 1st period - Shot by Jordan Staal.
7:00 of 1st period - Stopped by Kaapo Kahkonen with a rebound.
7:02 of 1st period - Shot by Jordan Staal.
7:02 of 1st period - Stopped by Kaapo Kahkonen without a rebound.
7:03 of 1st period - Luke Glendening wins face-off versus Alex Newhook in COLORADO GLACIERCATS zone.
7:24 of 1st period - Shot by Luke Glendening.
7:24 of 1st period - Shot Blocked by Drew Doughty.
7:26 of 1st period - Shot by Vladislav Gavrikov.
7:26 of 1st period - Shot Misses the Net.
7:28 of 1st period - Shot by Ryan Ellis.
7:28 of 1st period - Shot Blocked by Brady Skjei.
7:30 of 1st period - Shot by Tage Thompson.
7:30 of 1st period - Shot Misses the Net.
7:44 of 1st period - Shot by Luke Glendening.
7:44 of 1st period - Shot Blocked by Drew Doughty.
8:15 of 1st period - Icing by Ryan Getzlaf.
8:16 of 1st period - Anze Kopitar wins face-off versus Joonas Donskoi in COLORADO GLACIERCATS zone.
8:50 of 1st period - Icing by Victor Mete.
8:51 of 1st period - Tomas Hertl wins face-off versus Anze Kopitar in VICTORIA GLADIATORS zone.
8:52 of 1st period - Shot by Leon Draisaitl.
8:52 of 1st period - Stopped by Anton Khudobin without a rebound.
8:53 of 1st period - Patrice Bergeron wins face-off versus Tyson Jost in VICTORIA GLADIATORS zone.
9:02 of 1st period - Shot by James van Riemsdyk.
9:02 of 1st period - Shot Misses the Net.
9:16 of 1st period - Shot by Dustin Brown.
9:16 of 1st period - Stopped by Anton Khudobin without a rebound.
9:17 of 1st period - Jordan Staal wins face-off versus Tomas Hertl in VICTORIA GLADIATORS zone.
9:17 of 1st period - Jordan Staal is hit by Leon Draisaitl.
9:29 of 1st period - Shot by Jared McCann.
9:29 of 1st period - Stopped by Kaapo Kahkonen without a rebound.
9:30 of 1st period - Patrice Bergeron wins face-off versus Ryan Getzlaf in COLORADO GLACIERCATS zone.
9:47 of 1st period - Shot by Patrice Bergeron.
9:47 of 1st period - Shot Misses the Net.
9:49 of 1st period - Shot by Justin Holl.
9:49 of 1st period - Shot Misses the Net.
10:02 of 1st period - Icing by Justin Holl.
10:03 of 1st period - Patrice Bergeron wins face-off versus Tomas Hertl in VICTORIA GLADIATORS zone.
10:10 of 1st period - Tomas Hertl is hit by Justin Holl and loses puck.
10:37 of 1st period - Shot by Jordan Staal.
10:37 of 1st period - Stopped by Kaapo Kahkonen without a rebound.
10:38 of 1st period - Nils Hoglander wins face-off versus Tyson Jost in COLORADO GLACIERCATS zone.
11:02 of 1st period - Minor Penalty to Nils Hoglander for Hooking.
11:03 of 1st period - Jared McCann wins face-off versus Tomas Hertl in VICTORIA GLADIATORS zone.
11:09 of 1st period - Icing by Leon Draisaitl.
11:10 of 1st period - Tomas Hertl wins face-off versus Jordan Staal in COLORADO GLACIERCATS zone.
12:13 of 1st period - Shot by Ryan Ellis.
12:13 of 1st period - Shot Misses the Net.
12:15 of 1st period - Shot by Ryan Ellis.
12:15 of 1st period - Stopped by Anton Khudobin without a rebound.
12:16 of 1st period - Brayden Schenn wins face-off versus Jordan Staal in VICTORIA GLADIATORS zone.
12:49 of 1st period - Shot by Joonas Donskoi.
12:49 of 1st period - Goal by Joonas Donskoi - COLORADO GLACIERCATS : 1 - VICTORIA GLADIATORS : 0.
12:50 of 1st period - Anze Kopitar wins face-off versus Luke Glendening in neutral zone.
12:55 of 1st period - Shot by Kyle Connor.
12:55 of 1st period - Shot Misses the Net.
12:57 of 1st period - Shot by Drew Doughty.
12:57 of 1st period - Stopped by Kaapo Kahkonen without a rebound.
12:58 of 1st period - Anze Kopitar wins face-off versus Tomas Hertl in COLORADO GLACIERCATS zone.
14:17 of 1st period - Off-side.
14:18 of 1st period - Tyson Jost wins face-off versus Nils Hoglander in neutral zone.
14:27 of 1st period - Nils Hoglander is hit by Dustin Brown and loses puck.
14:32 of 1st period - Shot by Dustin Brown.
14:32 of 1st period - Stopped by Anton Khudobin without a rebound.
14:33 of 1st period - Tomas Hertl wins face-off versus Patrice Bergeron in VICTORIA GLADIATORS zone.
14:41 of 1st period - Icing by Justin Holl.
14:42 of 1st period - Tyson Jost wins face-off versus Patrice Bergeron in VICTORIA GLADIATORS zone.
15:00 of 1st period - Off-side.
15:01 of 1st period - Jordan Staal wins face-off versus Ryan Getzlaf in neutral zone.
15:17 of 1st period - Minor Penalty to Ilya Lyubushkin for Holding.
15:18 of 1st period - Ryan Getzlaf wins face-off versus Patrice Bergeron in COLORADO GLACIERCATS zone.
16:01 of 1st period - Shot by Kyle Connor.
16:01 of 1st period - Shot Blocked by Vladislav Gavrikov.
16:21 of 1st period - Shot by Nils Hoglander.
16:21 of 1st period - Deflect By Anze Kopitar.
16:21 of 1st period - Stopped by Kaapo Kahkonen with a rebound.
16:25 of 1st period - Shot by Conor Garland.
16:25 of 1st period - Goal by Conor Garland - COLORADO GLACIERCATS : 1 - VICTORIA GLADIATORS : 1.
16:26 of 1st period - Alex Newhook wins face-off versus Tomas Hertl in neutral zone.
16:29 of 1st period - Leon Draisaitl is hit by Derek Grant and loses puck.
16:47 of 1st period - Alex Newhook is hit by Ilya Lyubushkin and loses puck.
16:58 of 1st period - Shot by Derek Grant.
16:58 of 1st period - Stopped by Kaapo Kahkonen with a rebound.
17:06 of 1st period - Shot by Jamie Drysdale.
17:06 of 1st period - Stopped by Kaapo Kahkonen without a rebound.
17:07 of 1st period - Cameron Hughes wins face-off versus Anze Kopitar in COLORADO GLACIERCATS zone.
17:45 of 1st period - Shot by Tage Thompson.
17:45 of 1st period - Stopped by Anton Khudobin with a rebound.
18:10 of 1st period - Shot by Ryan Getzlaf.
18:10 of 1st period - Shot Misses the Net.
18:12 of 1st period - Shot by Luke Schenn.
18:12 of 1st period - Deflect By Joonas Donskoi.
18:12 of 1st period - Stopped by Anton Khudobin with a rebound.
19:10 of 1st period - Icing by Ryan Getzlaf.
19:11 of 1st period - Jordan Staal wins face-off versus Ryan Getzlaf in COLORADO GLACIERCATS zone.
19:11 of 1st period - Jared McCann is hit by Luke Schenn and loses puck.
19:45 of 1st period - Jared McCann is hit by Ilya Lyubushkin and loses puck.
19:50 of 1st period - Shot by Jordan Staal.
19:50 of 1st period - Shot Misses the Net.
19:52 of 1st period - Shot by Nils Hoglander.
19:52 of 1st period - Deflect By Jordan Staal.
19:52 of 1st period - Shot Blocked by Tyson Jost.
Goals for this period are 1 for COLORADO GLACIERCATS vs 1 for VICTORIA GLADIATORS.
Shots for this period are 8 for COLORADO GLACIERCATS vs 12 for VICTORIA GLADIATORS.

2nd period


0:01 of 2nd period - Patrice Bergeron wins face-off versus Tomas Hertl in neutral zone.
0:24 of 2nd period - Shot by Sam Reinhart.
0:24 of 2nd period - Shot Misses the Net.
1:06 of 2nd period - Shot by Alex Iafallo.
1:06 of 2nd period - Shot Misses the Net.
1:08 of 2nd period - Shot by Alex Iafallo.
1:08 of 2nd period - Shot Misses the Net.
1:10 of 2nd period - Shot by Tyson Jost.
1:10 of 2nd period - Deflect By Dustin Brown.
1:10 of 2nd period - Stopped by Anton Khudobin with a rebound.
1:12 of 2nd period - Shot by Tyson Jost.
1:12 of 2nd period - Goal by Tyson Jost - COLORADO GLACIERCATS : 2 - VICTORIA GLADIATORS : 1.
1:13 of 2nd period - Ryan Getzlaf wins face-off versus Jordan Staal in neutral zone.
1:40 of 2nd period - Shot by Joonas Donskoi.
1:40 of 2nd period - Stopped by Anton Khudobin without a rebound.
1:41 of 2nd period - Tyson Jost wins face-off versus Anze Kopitar in VICTORIA GLADIATORS zone.
1:41 of 2nd period - Tyson Jost is hit by Jamie Drysdale.
2:14 of 2nd period - Minor Penalty to Torey Krug for Hooking.
2:15 of 2nd period - Luke Glendening wins face-off versus Patrice Bergeron in COLORADO GLACIERCATS zone.
2:32 of 2nd period - Icing by James van Riemsdyk.
2:33 of 2nd period - Patrice Bergeron wins face-off versus Luke Glendening in VICTORIA GLADIATORS zone.
2:33 of 2nd period - Patrice Bergeron is hit by Joonas Donskoi.
3:19 of 2nd period - Conor Garland is hit by Tyson Jost.
3:23 of 2nd period - Vladislav Gavrikov is hit by Conor Garland and loses puck.
3:48 of 2nd period - Joonas Donskoi is hit by Conor Garland and loses puck.
4:03 of 2nd period - Luke Glendening is hit by Anze Kopitar and loses puck.
4:31 of 2nd period - Minor Penalty to Victor Mete for Hooking.
4:32 of 2nd period - Tomas Hertl wins face-off versus Jordan Staal in VICTORIA GLADIATORS zone.
4:35 of 2nd period - Shot by Leon Draisaitl.
4:35 of 2nd period - Stopped by Anton Khudobin without a rebound.
4:36 of 2nd period - Tomas Hertl wins face-off versus Jordan Staal in VICTORIA GLADIATORS zone.
5:00 of 2nd period - Icing by Torey Krug.
5:01 of 2nd period - Jordan Staal wins face-off versus Leon Draisaitl in COLORADO GLACIERCATS zone.
5:08 of 2nd period - Shot by Jordan Staal.
5:08 of 2nd period - Shot Misses the Net.
5:18 of 2nd period - Shot by Leon Draisaitl.
5:18 of 2nd period - Shot Misses the Net.
6:48 of 2nd period - Shot by Tage Thompson.
6:48 of 2nd period - Shot Blocked by Brady Skjei.
6:48 of 2nd period - Brady Skjei from VICTORIA GLADIATORS is injured at 6:48 of 2nd period (Upper Body).
6:49 of 2nd period - Patrice Bergeron wins face-off versus Tomas Hertl in VICTORIA GLADIATORS zone.
6:56 of 2nd period - Shot by Patrick Kane.
6:56 of 2nd period - Shot Misses the Net.
7:08 of 2nd period - Shot by Leon Draisaitl.
7:08 of 2nd period - Deflect By Tomas Hertl.
7:08 of 2nd period - Stopped by Anton Khudobin with a rebound.
8:09 of 2nd period - Icing by Jamie Drysdale.
8:10 of 2nd period - Anze Kopitar wins face-off versus Ryan Getzlaf in VICTORIA GLADIATORS zone.
8:50 of 2nd period - Shot by Jared McCann.
8:50 of 2nd period - Shot Misses the Net.
8:54 of 2nd period - Shot by Jordan Staal.
8:54 of 2nd period - Stopped by Kaapo Kahkonen without a rebound.
8:55 of 2nd period - Patrice Bergeron wins face-off versus Tyson Jost in COLORADO GLACIERCATS zone.
9:14 of 2nd period - Shot by Patrick Kane.
9:14 of 2nd period - Stopped by Kaapo Kahkonen without a rebound.
9:15 of 2nd period - Jordan Staal wins face-off versus Luke Glendening in COLORADO GLACIERCATS zone.
9:26 of 2nd period - Jared McCann is hit by Cameron Hughes and loses puck.
10:11 of 2nd period - Shot by Tomas Hertl.
10:11 of 2nd period - Shot Blocked by Jared McCann.
11:01 of 2nd period - Shot by Dustin Brown.
11:01 of 2nd period - Stopped by Anton Khudobin without a rebound.
11:02 of 2nd period - Anze Kopitar wins face-off versus Tyson Jost in VICTORIA GLADIATORS zone.
11:09 of 2nd period - Shot by Kyle Connor.
11:09 of 2nd period - Shot Misses the Net.
11:19 of 2nd period - Icing by Alex Iafallo.
11:20 of 2nd period - Patrice Bergeron wins face-off versus Tyson Jost in COLORADO GLACIERCATS zone.
11:33 of 2nd period - Shot by James van Riemsdyk.
11:33 of 2nd period - Shot Hit the Post.
12:37 of 2nd period - Shot by Brayden Schenn.
12:37 of 2nd period - Stopped by Anton Khudobin without a rebound.
12:38 of 2nd period - Tomas Hertl wins face-off versus Jordan Staal in VICTORIA GLADIATORS zone.
12:39 of 2nd period - Shot by Leon Draisaitl.
12:39 of 2nd period - Shot Misses the Net.
12:57 of 2nd period - Shot by Jared McCann.
12:57 of 2nd period - Shot Blocked by Leon Draisaitl.
13:33 of 2nd period - Shot by Anze Kopitar.
13:33 of 2nd period - Shot Blocked by Leon Draisaitl.
13:54 of 2nd period - Shot by Conor Garland.
13:54 of 2nd period - Deflect By Kyle Connor.
13:54 of 2nd period - Shot Blocked by Luke Schenn.
13:56 of 2nd period - Shot by Anze Kopitar.
13:56 of 2nd period - Deflect By Kyle Connor.
13:56 of 2nd period - Shot Misses the Net.
14:18 of 2nd period - Shot by Patrice Bergeron.
14:18 of 2nd period - Shot Misses the Net.
14:20 of 2nd period - Shot by James van Riemsdyk.
14:20 of 2nd period - Stopped by Kaapo Kahkonen with a rebound.
14:22 of 2nd period - Shot by James van Riemsdyk.
14:22 of 2nd period - Shot Misses the Net.
15:53 of 2nd period - Shot by Jared McCann.
15:53 of 2nd period - Shot Misses the Net.
16:14 of 2nd period - Icing by Ilya Lyubushkin.
16:15 of 2nd period - Patrice Bergeron wins face-off versus Tyson Jost in COLORADO GLACIERCATS zone.
16:16 of 2nd period - Shot by James van Riemsdyk.
16:16 of 2nd period - Stopped by Kaapo Kahkonen with a rebound.
18:31 of 2nd period - Shot by Jordan Staal.
18:31 of 2nd period - Stopped by Kaapo Kahkonen without a rebound.
18:32 of 2nd period - Tyson Jost wins face-off versus Alex Newhook in COLORADO GLACIERCATS zone.
19:30 of 2nd period - Shot by Nils Hoglander.
19:30 of 2nd period - Stopped by Kaapo Kahkonen without a rebound.
19:31 of 2nd period - Brayden Schenn wins face-off versus Conor Garland in COLORADO GLACIERCATS zone.
19:31 of 2nd period - Brayden Schenn is hit by Justin Holl.
19:40 of 2nd period - Icing by Justin Holl.
19:41 of 2nd period - Anze Kopitar wins face-off versus Leon Draisaitl in VICTORIA GLADIATORS zone.
Goals for this period are 1 for COLORADO GLACIERCATS vs 0 for VICTORIA GLADIATORS.
Shots for this period are 7 for COLORADO GLACIERCATS vs 6 for VICTORIA GLADIATORS.

3rd period


0:01 of 3rd period - Ryan Getzlaf wins face-off versus Patrice Bergeron in neutral zone.
0:18 of 3rd period - Shot by Brayden Schenn.
0:18 of 3rd period - Stopped by Anton Khudobin without a rebound.
0:19 of 3rd period - Tomas Hertl wins face-off versus Anze Kopitar in VICTORIA GLADIATORS zone.
0:22 of 3rd period - Shot by Leon Draisaitl.
0:22 of 3rd period - Stopped by Anton Khudobin without a rebound.
0:23 of 3rd period - Ryan Getzlaf wins face-off versus Patrice Bergeron in VICTORIA GLADIATORS zone.
0:49 of 3rd period - Shot by Patrice Bergeron.
0:49 of 3rd period - Deflect By Patrick Kane.
0:49 of 3rd period - Stopped by Kaapo Kahkonen without a rebound.
0:50 of 3rd period - Anze Kopitar wins face-off versus Tomas Hertl in COLORADO GLACIERCATS zone.
1:19 of 3rd period - Shot by Conor Garland.
1:19 of 3rd period - Shot Misses the Net.
1:21 of 3rd period - Shot by Conor Garland.
1:21 of 3rd period - Shot Misses the Net.
1:23 of 3rd period - Shot by Conor Garland.
1:23 of 3rd period - Stopped by Kaapo Kahkonen without a rebound.
1:24 of 3rd period - Patrice Bergeron wins face-off versus Ryan Getzlaf in COLORADO GLACIERCATS zone.
1:33 of 3rd period - Icing by Ryan Ellis.
1:34 of 3rd period - Patrice Bergeron wins face-off versus Ryan Getzlaf in COLORADO GLACIERCATS zone.
1:34 of 3rd period - Patrice Bergeron is hit by Vladislav Gavrikov.
1:42 of 3rd period - Shot by Patrice Bergeron.
1:42 of 3rd period - Stopped by Kaapo Kahkonen without a rebound.
1:43 of 3rd period - Patrice Bergeron wins face-off versus Tyson Jost in COLORADO GLACIERCATS zone.
1:43 of 3rd period - Patrice Bergeron is hit by Vladislav Gavrikov.
1:54 of 3rd period - Icing by Anton Stralman.
1:55 of 3rd period - Patrice Bergeron wins face-off versus Ryan Getzlaf in VICTORIA GLADIATORS zone.
1:55 of 3rd period - Patrice Bergeron is hit by Brayden Schenn.
1:58 of 3rd period - Minor Penalty to Brayden Schenn for Hooking.
1:59 of 3rd period - Luke Glendening wins face-off versus Patrice Bergeron in COLORADO GLACIERCATS zone.
1:59 of 3rd period - Luke Glendening is hit by Drew Doughty.
2:46 of 3rd period - Shot by Kyle Connor.
2:46 of 3rd period - Shot Misses the Net.
2:48 of 3rd period - Shot by Patrick Kane.
2:48 of 3rd period - Deflect By Patrice Bergeron.
2:48 of 3rd period - Shot Misses the Net.
3:20 of 3rd period - Shot by Conor Garland.
3:20 of 3rd period - Goal by Conor Garland - COLORADO GLACIERCATS : 2 - VICTORIA GLADIATORS : 2.
3:21 of 3rd period - Tomas Hertl wins face-off versus Alex Newhook in neutral zone.
3:45 of 3rd period - Shot by Ryan Carpenter.
3:45 of 3rd period - Deflect By Derek Grant.
3:45 of 3rd period - Stopped by Kaapo Kahkonen with a rebound.
3:47 of 3rd period - Shot by Victor Mete.
3:47 of 3rd period - Shot Misses the Net.
3:51 of 3rd period - Shot by Jamie Drysdale.
3:51 of 3rd period - Shot Misses the Net.
3:55 of 3rd period - Shot by Ryan Carpenter.
3:55 of 3rd period - Shot Blocked by Tomas Hertl.
3:57 of 3rd period - Shot by Victor Mete.
3:57 of 3rd period - Shot Misses the Net.
3:59 of 3rd period - Shot by Alex Newhook.
3:59 of 3rd period - Stopped by Kaapo Kahkonen without a rebound.
4:00 of 3rd period - Ryan Getzlaf wins face-off versus Conor Garland in COLORADO GLACIERCATS zone.
4:13 of 3rd period - Icing by Joonas Donskoi.
4:14 of 3rd period - Patrick Kane wins face-off versus Brayden Schenn in COLORADO GLACIERCATS zone.
4:25 of 3rd period - Shot by Brayden Schenn.
4:25 of 3rd period - Stopped by Anton Khudobin without a rebound.
4:26 of 3rd period - Anze Kopitar wins face-off versus Tyson Jost in VICTORIA GLADIATORS zone.
4:26 of 3rd period - Anze Kopitar is hit by Alex Iafallo.
4:39 of 3rd period - Kyle Connor is hit by Ilya Lyubushkin and loses puck.
5:08 of 3rd period - Shot by Anze Kopitar.
5:08 of 3rd period - Stopped by Kaapo Kahkonen without a rebound.
5:09 of 3rd period - Patrice Bergeron wins face-off versus Ryan Getzlaf in COLORADO GLACIERCATS zone.
5:44 of 3rd period - Shot by Joonas Donskoi.
5:44 of 3rd period - Deflect By Brayden Schenn.
5:44 of 3rd period - Shot Blocked by James van Riemsdyk.
5:46 of 3rd period - Shot by Joonas Donskoi.
5:46 of 3rd period - Shot Misses the Net.
6:01 of 3rd period - Icing by Victor Mete.
6:02 of 3rd period - Patrice Bergeron wins face-off versus Tomas Hertl in VICTORIA GLADIATORS zone.
6:06 of 3rd period - Off-side.
6:07 of 3rd period - Jordan Staal wins face-off versus Tomas Hertl in neutral zone.
6:10 of 3rd period - Shot by Jared McCann.
6:10 of 3rd period - Stopped by Kaapo Kahkonen without a rebound.
6:11 of 3rd period - Jordan Staal wins face-off versus Tomas Hertl in COLORADO GLACIERCATS zone.
7:26 of 3rd period - Shot by Conor Garland.
7:26 of 3rd period - Stopped by Kaapo Kahkonen with a rebound.
7:40 of 3rd period - Shot by Anze Kopitar.
7:40 of 3rd period - Shot Misses the Net.
7:42 of 3rd period - Shot by Kyle Connor.
7:42 of 3rd period - Stopped by Kaapo Kahkonen without a rebound.
7:43 of 3rd period - Dustin Brown wins face-off versus Patrice Bergeron in COLORADO GLACIERCATS zone.
7:51 of 3rd period - Off-side.
7:52 of 3rd period - Patrice Bergeron wins face-off versus Tyson Jost in neutral zone.
8:11 of 3rd period - Icing by Alex Iafallo.
8:12 of 3rd period - Tyson Jost wins face-off versus Anze Kopitar in COLORADO GLACIERCATS zone.
8:12 of 3rd period - Tyson Jost is hit by Conor Garland.
9:11 of 3rd period - Shot by Patrice Bergeron.
9:11 of 3rd period - Stopped by Kaapo Kahkonen without a rebound.
9:12 of 3rd period - Brayden Schenn wins face-off versus James van Riemsdyk in COLORADO GLACIERCATS zone.
9:58 of 3rd period - Off-side.
9:59 of 3rd period - Jordan Staal wins face-off versus Tomas Hertl in neutral zone.
10:02 of 3rd period - Leon Draisaitl is hit by Jordan Staal and loses puck.
10:21 of 3rd period - Nils Hoglander is hit by Ilya Lyubushkin and loses puck.
10:28 of 3rd period - Shot by Leon Draisaitl.
10:28 of 3rd period - Shot Blocked by Drew Doughty.
11:09 of 3rd period - Off-side.
11:10 of 3rd period - Patrice Bergeron wins face-off versus Ryan Getzlaf in neutral zone.
11:15 of 3rd period - Shot by Patrice Bergeron.
11:15 of 3rd period - Stopped by Kaapo Kahkonen with a rebound.
11:17 of 3rd period - Shot by James van Riemsdyk.
11:17 of 3rd period - Stopped by Kaapo Kahkonen without a rebound.
11:18 of 3rd period - Ryan Getzlaf wins face-off versus Patrice Bergeron in COLORADO GLACIERCATS zone.
11:54 of 3rd period - Off-side.
11:55 of 3rd period - Jordan Staal wins face-off versus Tomas Hertl in neutral zone.
12:10 of 3rd period - Shot by Tomas Hertl.
12:10 of 3rd period - Shot Misses the Net.
12:12 of 3rd period - Shot by Leon Draisaitl.
12:12 of 3rd period - Deflect By Tomas Hertl.
12:12 of 3rd period - Shot Misses the Net.
12:14 of 3rd period - Shot by Tomas Hertl.
12:14 of 3rd period - Shot Misses the Net.
12:16 of 3rd period - Shot by Tomas Hertl.
12:16 of 3rd period - Shot Misses the Net.
12:22 of 3rd period - Shot by Leon Draisaitl.
12:22 of 3rd period - Shot Misses the Net.
12:24 of 3rd period - Shot by Leon Draisaitl.
12:24 of 3rd period - Stopped by Anton Khudobin without a rebound.
12:25 of 3rd period - Tyson Jost wins face-off versus Anze Kopitar in VICTORIA GLADIATORS zone.
12:47 of 3rd period - Kyle Connor is hit by Ilya Lyubushkin and loses puck.
12:58 of 3rd period - Shot by Anze Kopitar.
12:58 of 3rd period - Stopped by Kaapo Kahkonen with a rebound.
13:00 of 3rd period - Shot by Anze Kopitar.
13:00 of 3rd period - Shot Misses the Net.
13:02 of 3rd period - Shot by Anton Stralman.
13:02 of 3rd period - Shot Misses the Net.
13:10 of 3rd period - Shot by Anze Kopitar.
13:10 of 3rd period - Shot Misses the Net.
13:31 of 3rd period - Shot by Patrick Kane.
13:31 of 3rd period - Shot Blocked by Ilya Lyubushkin.
14:28 of 3rd period - Shot by Jared McCann.
14:28 of 3rd period - Stopped by Kaapo Kahkonen without a rebound.
14:29 of 3rd period - Alex Newhook wins face-off versus Ryan Getzlaf in COLORADO GLACIERCATS zone.
14:29 of 3rd period - Alex Newhook is hit by Ryan Ellis.
15:01 of 3rd period - Off-side.
15:02 of 3rd period - Anze Kopitar wins face-off versus Tomas Hertl in neutral zone.
15:11 of 3rd period - Icing by Leon Draisaitl.
15:12 of 3rd period - Patrice Bergeron wins face-off versus Tomas Hertl in COLORADO GLACIERCATS zone.
15:39 of 3rd period - Shot by Leon Draisaitl.
15:39 of 3rd period - Stopped by Anton Khudobin without a rebound.
15:40 of 3rd period - Anze Kopitar wins face-off versus Ryan Getzlaf in VICTORIA GLADIATORS zone.
15:44 of 3rd period - Icing by Conor Garland.
15:45 of 3rd period - Kyle Connor wins face-off versus Ryan Getzlaf in VICTORIA GLADIATORS zone.
15:54 of 3rd period - Shot by Kyle Connor.
15:54 of 3rd period - Stopped by Kaapo Kahkonen without a rebound.
15:55 of 3rd period - Tomas Hertl wins face-off versus Patrice Bergeron in COLORADO GLACIERCATS zone.
15:55 of 3rd period - Tomas Hertl is hit by James van Riemsdyk.
15:58 of 3rd period - Icing by Leon Draisaitl.
15:59 of 3rd period - Patrice Bergeron wins face-off versus Tomas Hertl in COLORADO GLACIERCATS zone.
16:25 of 3rd period - Shot by Tomas Hertl.
16:25 of 3rd period - Stopped by Anton Khudobin without a rebound.
16:26 of 3rd period - Ryan Getzlaf wins face-off versus Jordan Staal in VICTORIA GLADIATORS zone.
17:13 of 3rd period - Icing by Joonas Donskoi.
17:14 of 3rd period - Ryan Getzlaf wins face-off versus Anze Kopitar in COLORADO GLACIERCATS zone.
17:26 of 3rd period - Shot by Kyle Connor.
17:26 of 3rd period - Deflect By Anze Kopitar.
17:26 of 3rd period - Stopped by Kaapo Kahkonen without a rebound.
17:27 of 3rd period - James van Riemsdyk wins face-off versus Tomas Hertl in COLORADO GLACIERCATS zone.
17:57 of 3rd period - Shot by Patrick Kane.
17:57 of 3rd period - Stopped by Kaapo Kahkonen without a rebound.
17:58 of 3rd period - Anze Kopitar wins face-off versus Tyson Jost in COLORADO GLACIERCATS zone.
19:01 of 3rd period - Shot by Joonas Donskoi.
19:01 of 3rd period - Stopped by Anton Khudobin without a rebound.
19:02 of 3rd period - Jordan Staal wins face-off versus Tomas Hertl in VICTORIA GLADIATORS zone.
19:13 of 3rd period - Shot by Jared McCann.
19:13 of 3rd period - Shot Blocked by Leon Draisaitl.
19:36 of 3rd period - Icing by Leon Draisaitl.
19:37 of 3rd period - Patrice Bergeron wins face-off versus Tomas Hertl in COLORADO GLACIERCATS zone.
19:37 of 3rd period - Patrick Kane is hit by Luke Schenn.
19:39 of 3rd period - Shot by Patrice Bergeron.
19:39 of 3rd period - Stopped by Kaapo Kahkonen with a rebound.
19:53 of 3rd period - Shot by James van Riemsdyk.
19:53 of 3rd period - Shot Misses the Net.
19:55 of 3rd period - Shot by Drew Doughty.
19:55 of 3rd period - Stopped by Kaapo Kahkonen without a rebound.
19:56 of 3rd period - Ryan Getzlaf wins face-off versus Alex Newhook in COLORADO GLACIERCATS zone.
Goals for this period are 0 for COLORADO GLACIERCATS vs 1 for VICTORIA GLADIATORS.
Shots for this period are 7 for COLORADO GLACIERCATS vs 20 for VICTORIA GLADIATORS.

Overtime #1


0:01 of 1st overtime period - Anze Kopitar wins face-off versus Tomas Hertl in neutral zone.
0:55 of 1st overtime period - Icing by Patrice Bergeron.
0:56 of 1st overtime period - Brayden Schenn wins face-off versus Anze Kopitar in VICTORIA GLADIATORS zone.
0:59 of 1st overtime period - Shot by Sam Reinhart.
0:59 of 1st overtime period - Shot Blocked by Anze Kopitar.
1:02 of 1st overtime period - Icing by Patrice Bergeron.
1:03 of 1st overtime period - Brayden Schenn wins face-off versus Anze Kopitar in VICTORIA GLADIATORS zone.
1:22 of 1st overtime period - Shot by Brayden Schenn.
1:22 of 1st overtime period - Shot Misses the Net.
1:57 of 1st overtime period - Shot by Jordan Staal.
1:57 of 1st overtime period - Shot Blocked by Ryan Ellis.
2:00 of 1st overtime period - Icing by Ryan Ellis.
2:01 of 1st overtime period - Jordan Staal wins face-off versus Brayden Schenn in COLORADO GLACIERCATS zone.
2:02 of 1st overtime period - Shot by Patrick Kane.
2:02 of 1st overtime period - Shot Blocked by Ryan Ellis.
2:24 of 1st overtime period - Shot by Jordan Staal.
2:24 of 1st overtime period - Shot Blocked by Torey Krug.
2:24 of 1st overtime period - Torey Krug from COLORADO GLACIERCATS is injured at 2:24 of 1st overtime period (Sprained Left Finger).
2:25 of 1st overtime period - Anze Kopitar wins face-off versus Tomas Hertl in COLORADO GLACIERCATS zone.
3:30 of 1st overtime period - Shot by Sam Reinhart.
3:30 of 1st overtime period - Stopped by Anton Khudobin without a rebound.
3:31 of 1st overtime period - Brayden Schenn wins face-off versus Kyle Connor in VICTORIA GLADIATORS zone.
3:40 of 1st overtime period - Shot by Sam Reinhart.
3:40 of 1st overtime period - Shot Blocked by Anton Stralman.
3:48 of 1st overtime period - Shot by Kyle Connor.
3:48 of 1st overtime period - Shot Blocked by Ryan Ellis.
3:50 of 1st overtime period - Shot by Kyle Connor.
3:50 of 1st overtime period - Shot Misses the Net.
3:52 of 1st overtime period - Shot by Kyle Connor.
3:52 of 1st overtime period - Stopped by Kaapo Kahkonen without a rebound.
3:53 of 1st overtime period - Tomas Hertl wins face-off versus Anze Kopitar in COLORADO GLACIERCATS zone.
4:00 of 1st overtime period - Shot by Leon Draisaitl.
4:00 of 1st overtime period - Deflect By Tomas Hertl.
4:00 of 1st overtime period - Shot Misses the Net.
4:02 of 1st overtime period - Shot by Leon Draisaitl.
4:02 of 1st overtime period - Shot Misses the Net.
Goals for this period are 0 for COLORADO GLACIERCATS vs 0 for VICTORIA GLADIATORS.
Shots for this period are 1 for COLORADO GLACIERCATS vs 1 for VICTORIA GLADIATORS.

ShootOut


5:00 of 1st overtime period - Round #1.
5:00 of 1st overtime period - COLORADO GLACIERCATS, Leon Draisaitl.
5:00 of 1st overtime period - Shot Misses the Net.
5:00 of 1st overtime period - VICTORIA GLADIATORS, Patrick Kane.
5:00 of 1st overtime period - Stopped by Kaapo Kahkonen.
5:00 of 1st overtime period - Round #2.
5:00 of 1st overtime period - COLORADO GLACIERCATS, Sam Reinhart.
5:00 of 1st overtime period - Stopped by Anton Khudobin.
5:00 of 1st overtime period - VICTORIA GLADIATORS, Anze Kopitar.
5:00 of 1st overtime period - Stopped by Kaapo Kahkonen.
5:00 of 1st overtime period - Round #3.
5:00 of 1st overtime period - COLORADO GLACIERCATS, Tomas Hertl.
5:00 of 1st overtime period - Goal by Tomas Hertl.
5:00 of 1st overtime period - VICTORIA GLADIATORS, Patrice Bergeron.
5:00 of 1st overtime period - Stopped by Kaapo Kahkonen.


DARCY
KUEMPER
JAKE
OETTINGER
NINO
NIEDERREITER

EAST COAST

HOCKEY LEAGUE

  • 1.CHI2QUE4
  • 2.LIM2CHA3
  • 3.LON3TRV5
  • 4.BAL5CHW6
  • 5.MANPIT
  • 6.NHWATL
  • 7.PETWOR
  • 8.RHI